 Dungeon Crawl Stone Soup version 0.23-a0-704-g7fdf9c5 (webtiles) character file.

62 galech the Skirmisher (level 3, -7/29 HPs)
             Began as a Demonspawn Fighter on Jan 14, 2019.
             Mangled by Sigmund
             ... wielding a +0 scythe
              (9 damage)
             ... on level 2 of the Dungeon.
             The game lasted 00:01:41 (1257 turns).

galech the Skirmisher (Demonspawn Fighter)          Turns: 1257, Time: 00:01:42

Health: -7/29      AC:  9    Str: 21    XL:     3   Next: 85%
Magic:  12/12      EV:  5    Int:  9    God:
Gold:   52         SH:  9    Dex: 13    Spells: 2/2 levels left

rFire    . . .     SeeInvis .   a - +0 war axe
rCold    . . .     Gourm    .   c - +0 shield
rNeg     . . .     Faith    .   e - +0 chain mail
rPois    .         Spirit   .   (no helmet)
rElec    .         Reflect  .   (no cloak)
rCorr    .         Harm     .   (no gloves)
MR       .....                  (no boots)
Stlth    ..........             (no amulet)
HPRegen  0.09/turn              h - ring of magical power
MPRegen  0.13/turn              (no ring)

@: mighty
A: powered by death 1
a: no special abilities


You were on level 2 of the Dungeon.
You were hungry.

You visited 1 branch of the dungeon, and saw 2 of its levels.

You collected 52 gold pieces.

Inventory:

Hand Weapons
 a - a +0 war axe (weapon)
Armour
 c - a +0 shield (worn)
 e - a +0 chain mail (worn)
Jewellery
 h - a ring of magical power (left hand)
 i - a cursed -3 ring of strength {unknown}
Scrolls
 b - 2 scrolls of amnesia {unknown}
 k - a scroll of identify {unknown}
Potions
 j - a potion of magic {unknown}
 l - a potion of curing {unknown}
Comestibles
 f - a ration


   Skills:
 + Level 3.4 Fighting
 + Level 2.7 Axes
 + Level 3.0 Armour
 + Level 0.1 Dodging
 + Level 3.1 Shields


You had 2 spell levels left.
You didn't know any spells.
Your spell library was empty.

Dungeon Overview and Level Annotations

Branches:
Dungeon (2/15)

Altars:
Makhleb

Annotations:
D:2 Sigmund


Innate Abilities, Weirdness & Mutations

You regenerate a little health from kills.


Message History

You bump into the rock wall.
You miss Sigmund.
Sigmund points at you and mumbles some strange words.
The puff of flame misses you.
Sigmund zaps a wand.
The puff of flame hits you!
Your shield prevents you from hitting Sigmund.
Sigmund gestures at you while chanting. You resist with significant effort.
You bump into the rock wall.
You feel less confused. You block Sigmund's attack.
Your shield and chain mail prevent you from hitting Sigmund.
Sigmund hits you with a +0 scythe!
* * * LOW HITPOINT WARNING * * *
You slash Sigmund!
Sigmund is moderately wounded.
Sigmund zaps a wand.
The puff of flame misses you.
You slash Sigmund!
Sigmund is severely wounded.
Sigmund hits you with a +0 scythe!
You die...

.. .... #.## #. #..#
#.# #. #..# #.# # #.
#..# #.#
#?##.###..########.#
#...#..............#
##.####.####.#####
##...###.####<#
#.###......†..@@..#
..........#########
.....##.#.# .....
#(#.# ..[........#
.....##.#..# ....
#.#.... ...
#.#..#... ##
#.#..##@.


You could see Sigmund.

Vanquished Creatures
  2 adders (D:2)
  An ooze (D:1)
  A leopard gecko (D:2)
  A giant cockroach (D:1)
  4 goblins (D:1)
  3 hobgoblins (D:1)
  4 jackals (D:1)
  4 kobolds
  A quokka (D:2)
  7 bats
  5 frilled lizards
  7 rats
40 creatures vanquished.

Notes
Turn   | Place    | Note
-------+----------+-------------------------------------------
     0 | D:1      | galech the Demonspawn Fighter began the quest for the Orb.
     0 | D:1      | Reached XP level 1. HP: 18/18 MP: 1/1
   222 | D:1      | Gained mutation: You regenerate a little health from kills.
                  | [demonic ancestry]
   222 | D:1      | Reached XP level 2. HP: 19/24 MP: 2/2
   447 | D:1      | Reached XP level 3. HP: 28/29 MP: 3/3
   778 | D:2      | Found a burning altar of Makhleb.
  1031 | D:2      | Noticed Sigmund
  1257 | D:2      | Mangled by Sigmund

Vault maps used:
D:1:      onia_arrival_handbag
D:2:      nicolae_overflow_crystal_walls, lemuel_round_altar,
          uniq_crazy_yiuf_cottage, uniq_sigmund, uniq_robin

Skill      XL: |  1  2  3 |
---------------+----------+-----
Axes           | 2 |  2.7
Shields        | 3 |  3.1
Armour         | 3 |  3.0
Fighting       | |  3.4
Dodging        | |  0.1

Action                   || total
-------------------------++-------
Melee: War axe           ||   157
  Use: Potion            ||     1
  Eat: Chunk             ||     1
Armor: Chain mail        ||   125
       Scale mail        ||     2
Dodge: Dodged            ||    34
Block: Shield            ||    91

Table legend:
 A = Non-vault XP
 B = Vault XP
 C = Vault XP percentage of total XP
 D = Non-vault monster count
 E = Vault monster count
 F = Vault count percentage of total count
                 A         B        C        D         E       F
            +---------+---------+-------+---------+---------+-------
      Total |      85 |       4 |   4.5 |      36 |       4 |  10.0
            +---------+---------+-------+---------+---------+-------
        D:1 |      44 |       4 |   8.3 |      25 |       4 |  13.8
        D:2 |      41 |       0 |   0.0 |      11 |       0 |   0.0
            +---------+---------+-------+---------+---------+-------
